Map: Troizinia LE

Players

FRIZZ

  • Race: Terran Terran
  • Spawn Location: 12:00

JaySlays

  • Race: Protoss Protoss
  • Spawn Location: 9:00

Wolf

  • Race: Terran Terran
  • League: Diamond
  • Spawn Location: 11:00

MichiTo

  • Race: Protoss Protoss
  • Spawn Location: 11:00

Knowledge

  • Race: Terran Terran
  • Spawn Location: 5:00

eliteTROLL

  • Race: Terran Terran
  • Spawn Location: 5:00

Psionic

  • Race: Zerg Zerg
  • League: Diamond
  • Spawn Location: 3:00

Luminx

  • Race: Zerg Zerg
  • Spawn Location: 6:00

VOD

Have the link to the VOD?

Description

Time

  • Played on: April 16, 2018, 10:59 p.m.
  • Length: 11:27
Show
View Real Time Build Order
Export as new Build Order

FRIZZ Terran 

Build Orders:  

Get SALT Encoding   

  12  0:07  SCV  
  13  0:19  SCV  
  14  0:22  Supply Depot  
  14  0:31  SCV  
  15  0:43  SCV  
  16  0:54  Supply Depot  
  16  0:56  SCV  
  17  1:00  Supply Depot  
  17  1:08  SCV  
  18  1:18  Barracks  
  18  1:24  Supply Depot  
  18  1:30  SCV  
  19  1:46  Command Center  
  19  1:57  Supply Depot  
  19  2:04  Marine  
  20  2:21  Orbital Command  
  20  2:22  Marine  
  21  2:40  Marine  
  21  2:41  Refinery  
  22  2:58  Marine  
  23  3:15  Marine  
  24  3:27  Orbital Command  
  24  3:29  SCV, Refinery  
  24  3:32  Refinery  
  25  3:35  Refinery  
  25  3:41  SCV  
  26  3:53  SCV x2  
  28  4:05  SCV x2  
  30  4:16  Marine  
  31  4:17  SCV x2  
  33  4:24  Factory  
  33  4:26  Factory  
  33  4:29  SCV x2  
  35  4:34  Marine  
  36  4:41  SCV x2  
  38  4:52  Marine  
  39  4:53  SCV x2  
  41  5:05  SCV x2  
  43  5:09  Marine  
  20  9:18  SCV  
  21  9:30  SCV  
  22  9:42  SCV  
  23  9:55  SCV  
  25  10:07  SCV  
  25  10:43  SCV  
  26  10:55  SCV  
  27  11:07  SCV  
Show
View Real Time Build Order
Export as new Build Order

JaySlays Protoss 

Build Orders: 1 Gate Expand 

Get SALT Encoding   

  12  0:01  Probe (Chrono Boost)  
  13  0:13  Probe (Chrono Boost)  
  14  0:18  Probe (Chrono Boost)  
  15  0:26  Pylon  
  15  0:40  Pylon  
  15  0:44  Probe  
  16  0:51  Gateway  
  16  0:56  Probe  
  17  1:03  Forge  
  17  1:08  Probe (Chrono Boost)  
  18  1:18  Probe (Chrono Boost)  
  19  1:21  Assimilator  
  19  1:41  Nexus  
  19  1:44  Probe  
  20  1:54  Cybernetics Core  
  20  1:58  Probe  
  21  2:03  Assimilator  
  21  2:11  Pylon  
  21  2:13  Probe  
  22  2:25  Probe  
  22  2:28  Photon Cannon  
  23  2:31  Warp Gate  
  23  2:37  Probe  
  21  3:02  Photon Cannon  
  19  3:14  Probe x2  
  21  3:26  Probe (Chrono Boost)  
  23  3:31  Probe (Chrono Boost)  
  23  3:37  Probe (Chrono Boost)  
  23  3:40  Probe (Chrono Boost)  
  25  3:44  Probe (Chrono Boost)  
  26  3:50  Probe (Chrono Boost)  
  28  3:55  Probe (Chrono Boost)  
  28  3:56  Probe (Chrono Boost), Shield Battery  
  28  3:59  Photon Cannon  
  28  4:00  Photon Cannon  
  29  4:04  Probe (Chrono Boost)  
  31  4:10  Probe (Chrono Boost)  
  31  4:14  Probe (Chrono Boost)  
  31  4:15  Stargate  
  33  4:18  Probe (Chrono Boost)  
  33  4:22  Probe (Chrono Boost)  
  34  4:29  Probe (Chrono Boost)  
  35  4:35  Probe (Chrono Boost)  
  36  4:43  Probe  
  37  4:52  Stargate  
  37  4:53  Stargate  
  37  4:57  Void Ray (Chrono Boost)  
  37  5:05  Stargate  
  41  5:10  Probe  
  41  5:12  Assimilator  
  42  5:14  Assimilator  
  42  5:39  Void Ray (Chrono Boost)  
  42  5:41  Pylon  
  54  5:52  Void Ray x2 (Chrono Boost)  
  54  5:56  Pylon  
  58  6:06  Void Ray (Chrono Boost)  
  58  6:17  Void Ray (Chrono Boost)  
  58  6:22  Protoss Air Weapons Level 1 (Chrono Boost)  
  58  6:33  Void Ray (Chrono Boost)  
  58  6:39  Pylon  
  62  6:47  Fleet Beacon  
  62  6:51  Stargate  
  62  6:56  Void Ray  
  66  7:26  Void Ray x2 (Chrono Boost)  
  74  7:35  Void Ray (Chrono Boost)  
  78  7:44  Void Ray (Chrono Boost)  
  70  8:07  Void Ray x2  
  78  8:14  Pylon  
  78  8:15  Pylon  
  78  8:17  Pylon  
  78  8:19  Pylon  
  78  8:32  Void Ray (Chrono Boost)  
  82  8:35  Nexus  
  90  8:54  Void Ray (Chrono Boost)  
  90  8:55  Pylon, Void Ray (Chrono Boost)  
  94  8:57  Pylon, Void Ray (Chrono Boost)  
  94  8:59  Pylon  
  94  9:01  Pylon  
  86  9:09  Void Ray (Chrono Boost)  
  90  9:21  Void Ray (Chrono Boost)  
  89  9:32  Void Ray x2  
  97  9:48  Void Ray  
  97  10:05  Pylon  
  97  10:06  Pylon  
  84  10:27  Probe x2  
  86  10:30  Probe  
  86  10:33  Photon Cannon  
  86  10:34  Photon Cannon  
  87  10:37  Photon Cannon  
  87  10:39  Probe x2, Photon Cannon  
  87  10:40  Photon Cannon  
  87  10:42  Probe  
  98  10:51  Probe x2  
Show
View Real Time Build Order
Export as new Build Order

Wolf Terran 

Build Orders: Mech 

Get SALT Encoding   

  12  0:00  SCV  
  13  0:12  SCV  
  14  0:18  Supply Depot  
  14  0:24  SCV  
  15  0:40  SCV  
  15  0:42  Barracks  
  16  0:47  Refinery  
  16  0:52  SCV  
  17  1:04  SCV  
  18  1:16  SCV  
  19  1:29  Orbital Command  
  19  1:33  Marine  
  20  1:45  Command Center  
  20  1:57  Factory  
  20  1:59  SCV  
  21  2:07  Barracks Reactor  
  21  2:11  SCV  
  21  2:15  Refinery  
  22  2:19  Supply Depot  
  22  2:23  SCV  
  23  2:40  SCV  
  24  2:49  Factory  
  24  2:53  SCV  
  24  2:57  Barracks Tech Lab  
  25  3:00  Hellion x2  
  29  3:19  SCV  
  31  3:22  Orbital Command  
  30  3:28  Hellion x2  
  34  3:39  Engineering Bay  
  34  3:40  SCV  
  35  3:42  Supply Depot  
  35  4:01  Hellion x2  
  39  4:11  Factory  
  39  4:16  Armory  
  39  4:19  Barracks Tech Lab  
  39  4:20  SCV x2  
  41  4:29  Siege Tank  
  44  4:32  SCV x2  
  44  4:33  Hellion  
  44  4:34  Hellion  
  50  4:44  SCV x2  
  52  4:46  Refinery x2  
  52  5:07  SCV x2  
  52  5:10  Factory Tech Lab  
  54  5:17  Starport  
  48  5:52  Hellion  
  48  5:53  Hellion  
  52  5:59  Supply Depot  
  52  6:00  Supply Depot, Terran Vehicle Weapons Level 1  
  52  6:03  Supply Depot, Armory  
  52  6:04  SCV x2  
  53  6:06  Supply Depot  
  54  6:13  Starport Tech Lab  
  54  6:21  Siege Tank x2  
  54  6:22  Infernal Pre-Igniter, Factory  
  60  6:36  Hellion  
  60  6:37  Hellion  
  64  6:45  Viking  
  66  6:51  Supply Depot  
  66  6:53  Siege Tank  
  69  6:58  Terran Vehicle And Ship Armor Level 1  
  69  7:01  SCV x2  
  71  7:03  Hellion x2  
  71  7:07  Siege Tank  
  78  7:13  SCV x2, Thor  
  86  7:17  Viking  
  86  7:19  Supply Depot  
  88  7:24  Hellion x2  
  92  7:41  Siege Tank x2  
  98  7:54  Hellion x2  
  100  8:16  Hellion  
  100  8:18  Hellion  
  102  8:59  Hellion, Siege Tank x3  
  102  9:00  Hellion  
  96  9:26  Hellion x2  
  100  9:31  Siege Tank x2  
  100  9:32  Siege Tank  
  109  9:47  Hellion  
  109  9:48  Hellion  
  109  10:03  Siege Tank x2  
  109  10:04  Siege Tank  
  118  10:09  Hellion  
  91  10:35  Siege Tank x2  
  91  10:40  Siege Tank  
  91  10:42  Hellion x2  
  88  11:04  Hellion x2  
Show
View Real Time Build Order
Export as new Build Order

MichiTo Protoss 

Build Orders: Nexus First 

Get SALT Encoding   

  12  0:01  Probe  
  13  0:13  Probe  
  14  0:25  Pylon, Probe  
  15  0:58  Probe  
  15  1:02  Nexus  
  16  1:10  Probe  
  17  1:14  Assimilator  
  17  1:21  Forge  
  17  1:25  Probe (Chrono Boost)  
  18  1:36  Probe (Chrono Boost)  
  19  1:41  Probe (Chrono Boost), Assimilator  
  20  1:51  Gateway  
  20  1:57  Pylon  
  20  2:00  Probe (Chrono Boost)  
  21  2:10  Probe (Chrono Boost)  
  22  2:15  Probe (Chrono Boost)  
  22  2:16  Photon Cannon  
  22  2:22  Photon Cannon  
  24  2:32  Probe (Chrono Boost)  
  25  2:46  Probe (Chrono Boost)  
  25  2:54  Pylon, Probe  
  26  3:00  Assimilator  
  26  3:08  Probe x2 (Chrono Boost)  
  28  3:18  Photon Cannon  
  30  3:20  Probe (Chrono Boost)  
  30  3:22  Probe (Chrono Boost)  
  30  3:26  Assimilator  
  31  3:28  Probe (Chrono Boost)  
  31  3:30  Probe (Chrono Boost)  
  32  3:35  Pylon  
  32  3:36  Probe (Chrono Boost)  
  32  3:41  Probe (Chrono Boost)  
  34  3:44  Probe (Chrono Boost)  
  35  3:54  Probe (Chrono Boost)  
  35  3:55  Probe (Chrono Boost)  
  37  3:59  Probe (Chrono Boost)  
  37  4:01  Cybernetics Core  
  38  4:03  Probe (Chrono Boost)  
  39  4:10  Pylon  
  39  4:13  Pylon  
  39  4:16  Probe (Chrono Boost)  
  40  4:23  Probe (Chrono Boost)  
  41  4:29  Pylon  
  41  4:31  Pylon  
  41  4:34  Probe (Chrono Boost)  
  42  4:39  Probe (Chrono Boost)  
  43  4:47  Stargate x2  
  43  4:49  Probe  
  43  4:50  Stargate  
  44  4:53  Cybernetics Core  
  44  5:09  Robotics Facility  
  44  5:10  Twilight Council  
  44  5:11  Protoss Air Weapons Level 1  
  44  5:13  Protoss Shields Level 1  
  44  5:36  Phoenix x2  
  44  5:37  Phoenix  
  50  5:43  Fleet Beacon  
  50  5:47  Protoss Air Armor Level 1  
  50  6:01  Phoenix x2  
  50  6:02  Phoenix  
  56  6:26  Phoenix x2, Anion Pulse-Crystals  
  56  6:27  Phoenix  
  62  6:41  Pylon  
  62  6:51  Phoenix x3  
  68  7:01  Nexus  
  68  7:05  Assimilator  
  68  7:09  Assimilator  
  68  7:13  Pylon  
  68  7:15  Pylon  
  64  7:17  Pylon  
  60  7:52  Phoenix  
  60  7:53  Phoenix x2  
  60  7:56  Protoss Air Weapons Level 2  
  60  7:57  Protoss Air Armor Level 2  
  66  8:17  Photon Cannon, Phoenix  
  66  8:18  Phoenix x2, Photon Cannon  
  66  8:19  Photon Cannon  
  72  8:20  Photon Cannon  
  72  8:21  Photon Cannon  
  72  8:23  Shield Battery x2  
  72  8:42  Phoenix  
  72  8:43  Phoenix x2  
  72  8:44  Pylon  
  72  8:45  Probe  
  79  8:57  Probe, Robotics Bay  
  79  9:00  Observer  
  81  9:09  Probe  
  82  9:21  Probe  
  83  9:27  Phoenix  
  83  9:28  Phoenix x2  
  89  9:33  Probe  
  84  10:07  Phoenix x3  
  90  10:32  Phoenix x3  
  96  10:57  Phoenix x3  
  104  11:26  Stargate  
Show
View Real Time Build Order
Export as new Build Order

Knowledge Terran 

Build Orders: Mech 

Get SALT Encoding   

  12  0:02  SCV  
  13  0:15  SCV  
  14  0:24  Supply Depot  
  14  0:27  SCV  
  15  0:45  Refinery  
  15  0:46  SCV, Refinery  
  16  0:54  Barracks  
  16  0:58  SCV  
  17  1:13  SCV  
  18  1:25  SCV  
  19  1:36  Supply Depot  
  19  1:37  SCV  
  20  1:42  Factory  
  20  1:45  Barracks Tech Lab  
  20  1:54  Orbital Command  
  20  2:14  Factory  
  20  2:20  SCV  
  21  2:32  SCV  
  21  2:35  Siege Tank  
  21  2:36  Barracks Tech Lab  
  25  2:41  Supply Depot  
  25  3:04  Command Center  
  25  3:17  Siege Tank  
  25  3:19  Siege Tank  
  31  3:49  Siege Tank  
  31  3:52  Siege Tank  
  37  4:23  Siege Tank  
  40  4:40  Siege Tank  
  43  5:01  Engineering Bay  
  43  5:03  Siege Tank  
  46  5:17  Refinery  
  46  5:19  Refinery  
  46  5:34  Missile Turret x2  
  46  5:36  Planetary Fortress  
  46  6:00  Armory  
  46  6:01  Supply Depot  
  46  6:07  Supply Depot  
  46  6:12  Siege Tank  
  46  6:14  Siege Tank  
  52  6:28  SCV x2  
  54  6:40  SCV x2  
  56  6:51  Terran Vehicle Weapons Level 1  
  56  6:57  Siege Tank x2  
  62  7:02  Command Center  
  62  7:19  Factory  
  62  7:20  Factory  
  62  7:24  Drilling Claws  
  62  7:29  Widow Mine x2  
  66  7:38  Missile Turret  
  66  7:51  Widow Mine x2  
  70  8:06  Factory Reactor  
  70  8:08  Factory Reactor  
  70  8:19  Orbital Command  
  70  8:24  Missile Turret  
  66  8:42  Widow Mine  
  66  8:43  Widow Mine x3  
  66  8:44  Missile Turret  
  74  9:03  Missile Turret, Widow Mine  
  74  9:04  Widow Mine  
  78  9:13  Widow Mine x3  
  84  9:34  Widow Mine  
  84  9:52  Supply Depot  
  84  9:53  Supply Depot x2  
  84  10:13  Widow Mine  
  84  10:14  Widow Mine x3  
  92  10:15  Widow Mine x2  
  96  10:35  Widow Mine  
  96  10:37  Widow Mine  
  96  10:39  Widow Mine x2  
  96  10:40  Widow Mine x2  
  106  10:53  Armory  
  106  10:56  Widow Mine  
  108  11:00  Widow Mine  
  108  11:01  Widow Mine  
Show
View Real Time Build Order
Export as new Build Order

eliteTROLL Terran 

Build Orders: Reaper Expand, MMM Bio 

Get SALT Encoding   

  12  0:03  SCV  
  13  0:15  SCV  
  14  0:22  Supply Depot  
  14  0:28  SCV  
  15  0:44  SCV  
  15  0:45  Barracks  
  15  0:48  Refinery  
  16  0:56  SCV  
  17  1:08  SCV  
  18  1:20  SCV  
  19  1:34  Reaper  
  20  1:40  Orbital Command  
  20  1:51  Command Center  
  20  1:57  Barracks  
  20  2:06  SCV  
  20  2:07  Barracks Reactor  
  21  2:10  Supply Depot  
  21  2:20  SCV  
  21  2:21  Refinery  
  22  2:33  Factory  
  22  2:44  Marine  
  22  2:45  Marine  
  22  2:46  Barracks Tech Lab  
  24  3:02  Marine x2  
  24  3:03  SCV  
  24  3:05  Orbital Command  
  27  3:20  SCV  
  27  3:23  Stimpack  
  27  3:24  Marine x3  
  30  3:28  Starport  
  30  3:29  Factory Reactor  
  30  3:34  SCV  
  32  3:48  Marine x3  
  30  3:52  Supply Depot  
  30  3:53  Orbital Command  
  30  3:54  SCV  
  33  4:08  Marine x3  
  36  4:15  SCV  
  37  4:20  SCV  
  38  4:26  Marine x3  
  38  4:27  SCV  
  42  4:33  SCV  
  43  4:39  SCV  
  43  4:44  Marine x3  
  47  4:49  Supply Depot  
  47  4:50  SCV  
  47  4:51  Supply Depot, SCV  
  45  5:07  Supply Depot  
  45  5:08  Supply Depot  
  45  5:10  Marine x2, Marauder  
  45  5:11  Medivac x2  
  53  5:18  SCV  
  54  5:23  Combat Shields  
  54  5:29  SCV  
  54  5:30  SCV  
  54  5:33  Command Center  
  56  5:35  Factory Tech Lab  
  56  5:37  Marine x2, Marauder  
  56  5:41  SCV  
  61  5:48  Barracks  
  61  5:49  Barracks  
  61  5:50  Barracks  
  61  5:54  SCV  
  61  5:55  SCV, Refinery  
  61  5:56  Refinery  
  63  6:07  Siege Tank  
  63  6:09  SCV  
  63  6:10  SCV  
  68  6:16  Engineering Bay x2  
  68  6:33  Supply Depot  
  68  6:34  Supply Depot  
  68  6:37  Barracks Tech Lab  
  68  6:38  Barracks Reactor x2  
  68  6:44  Marine x2, Marauder  
  72  6:48  Terran Infantry Weapons Level 1, Terran Infantry Armor Level 1  
  72  7:02  Marine  
  65  7:22  Marine x4, Marauder x2  
  65  7:23  Marine x2  
  68  7:36  Supply Depot  
  66  7:40  Marine x2, Supply Depot  
  66  7:43  Marauder x2  
  71  7:49  Marine  
  71  7:50  Marine x3  
  75  7:52  Supply Depot, Medivac x2  
  75  7:55  Planetary Fortress  
  75  7:57  Marine  
  75  7:58  Marine  
  81  8:05  Marauder x2  
  83  8:07  Marine  
  83  8:08  SCV x2  
  83  8:11  Marine  
  87  8:15  Marine x3  
  87  8:17  Marine  
  91  8:25  Marine  
  91  8:26  Marauder x2  
  96  8:29  Marine  
  96  8:33  Siege Tank  
  100  8:34  Marine  
  100  8:40  Supply Depot  
  101  8:42  Supply Depot  
  101  8:44  Supply Depot  
  101  8:47  Marauder x2  
  105  8:53  SCV x3  
  106  9:05  SCV x3  
  106  9:08  Marine  
  106  9:09  Marine x4  
  91  9:17  Marine  
  91  9:18  Marine x2  
  91  9:21  SCV  
  91  9:22  SCV  
  96  9:26  Marine x2  
  96  9:27  Marine x2  
  96  9:28  SCV  
  101  9:33  SCV  
  101  9:34  SCV  
  101  9:36  Marauder x2  
  107  9:43  Medivac x2  
  107  9:45  SCV x2  
  113  9:46  SCV  
  113  9:52  Supply Depot  
  114  9:54  Supply Depot  
  114  9:57  SCV x2, Armory  
  96  10:29  Marine x4, Marauder x2  
  96  10:30  Marine x2  
  96  10:32  Medivac x2  
  110  10:40  Missile Turret  
  110  10:41  Missile Turret  
  110  10:42  Missile Turret  
  110  10:47  Marine x3  
  110  10:48  Marine x2  
  110  10:49  Marine  
  116  10:50  Marauder x2  
  124  11:05  Marine x3  
  124  11:06  Marine x3  
Show
View Real Time Build Order
Export as new Build Order

Psionic Zerg 

Build Orders: Hatch First 

Get SALT Encoding   

  12  0:01  Drone  
  13  0:10  Drone  
  14  0:35  Hatchery  
  13  0:38  Drone  
  14  1:03  Hatchery  
  13  1:05  Drone  
  14  1:30  Hatchery  
  13  1:33  Drone  
  14  1:43  Overlord  
  14  2:00  Drone x5  
  19  2:17  Spawning Pool  
  19  2:19  Drone  
  19  2:23  Drone  
  19  2:26  Drone  
  19  2:29  Drone  
  22  2:37  Drone x3  
  22  2:40  Drone  
  22  2:42  Drone  
  27  2:51  Drone x3  
  27  2:52  Drone  
  31  3:10  Overlord  
  31  3:11  Overlord  
  31  3:12  Overlord  
  31  3:14  Drone  
  32  3:28  Drone x8  
  32  3:30  Drone x3  
  32  3:33  Extractor  
  42  3:35  Extractor, Drone  
  42  3:36  Queen  
  42  3:41  Queen  
  44  3:46  Queen  
  48  3:50  Queen  
  48  3:54  Drone x3  
  53  3:59  Drone x2  
  53  4:00  Drone  
  53  4:01  Overlord  
  56  4:02  Overlord  
  56  4:05  Overlord  
  56  4:17  Lair  
  56  4:29  Drone x2  
  56  4:30  Drone x9  
  67  4:36  Pneumatized Carapace  
  67  4:39  Queen x2  
  71  4:46  Extractor x2  
  71  4:48  Drone  
  71  4:49  Drone x7  
  77  5:06  Extractor  
  76  5:07  Extractor  
  76  5:10  Extractor x2  
  73  5:20  Spire  
  72  5:28  Drone x8  
  79  5:30  Overlord x4  
  79  5:32  Overlord x4  
  79  5:34  Spire  
  79  5:38  Spore Crawler  
  78  5:42  Spore Crawler  
  78  5:44  Spore Crawler  
  76  5:56  Drone x13  
  76  5:57  Drone x2  
  91  6:10  Queen x2  
  91  6:11  Queen  
  97  6:17  Infestation Pit  
  96  6:20  Evolution Chamber  
  96  6:21  Drone x10, Evolution Chamber  
  104  6:31  Drone x5  
  109  6:41  Zerg Flyer Weapons Level 1  
  109  6:44  Overlord  
  109  6:45  Overlord x5  
  109  6:47  Zerg Flyer Armor Level 1  
  109  6:54  Hive  
  109  6:55  Zerg Melee Weapons Level 1  
  109  6:56  Zerg Ground Armor Level 1  
  109  6:58  Metabolic Boost  
  109  7:27  Hatchery  
  109  7:29  Overseer x4  
  108  7:30  Overseer  
  108  7:33  Hatchery  
  107  7:37  Hatchery  
  106  8:05  Spire  
  105  8:07  Corruptor x5  
  105  8:08  Corruptor x13  
  141  8:14  Spore Crawler  
  140  8:43  Drone  
  140  8:44  Drone x3  
  140  8:45  Drone x23  
  140  8:46  Drone x5  
  172  8:50  Drone  
  172  8:52  Drone x3  
  172  8:53  Queen  
  172  8:54  Queen  
  180  8:55  Queen  
  182  9:11  Corruptor  
  182  9:12  Corruptor x8  
  200  9:17  Extractor  
  200  9:19  Extractor  
  198  9:26  Extractor  
  198  9:30  Extractor  
  196  9:37  Extractor x2  
  188  10:10  Greater Spire  
  188  10:28  Corruptor  
  188  10:29  Corruptor x5  
  200  10:57  Spore Crawler x2  
  200  10:58  Spore Crawler  
  200  10:59  Spore Crawler x3  
  200  11:00  Spore Crawler  
  200  11:01  Spore Crawler x3  
  200  11:02  Spore Crawler x2  
  200  11:03  Spore Crawler  
  187  11:04  Spore Crawler x2  
  187  11:07  Spore Crawler  
  187  11:08  Spore Crawler  
  187  11:09  Spore Crawler x2  
  187  11:10  Spore Crawler  
Show
View Real Time Build Order
Export as new Build Order

Luminx Zerg 

Build Orders: Hatch First 

Get SALT Encoding   

  12  0:01  Drone  
  13  0:12  Overlord  
  13  0:17  Drone  
  14  0:30  Drone x2  
  14  0:34  Drone  
  17  0:53  Hatchery  
  16  0:58  Drone  
  17  1:19  Hatchery  
  17  1:22  Drone  
  17  1:46  Drone  
  18  1:52  Hatchery  
  17  2:10  Hatchery  
  17  2:12  Drone  
  17  2:16  Drone  
  17  2:17  Drone  
  17  2:21  Drone  
  20  2:25  Drone  
  20  2:28  Drone  
  22  2:31  Drone  
  22  2:34  Drone  
  25  2:37  Drone  
  25  2:39  Drone  
  25  2:43  Drone  
  27  2:55  Drone, Spawning Pool  
  27  2:58  Drone  
  28  3:02  Drone x2  
  30  3:08  Drone x3  
  33  3:15  Overlord  
  33  3:16  Drone  
  33  3:18  Drone  
  33  3:19  Drone  
  36  3:22  Drone  
  36  3:24  Overlord  
  36  3:26  Drone  
  38  3:28  Drone  
  38  3:30  Drone  
  38  3:31  Drone  
  41  3:35  Extractor  
  41  3:36  Drone  
  41  3:37  Extractor, Drone  
  41  3:38  Drone  
  41  3:40  Drone  
  43  3:43  Drone x2  
  43  3:45  Drone  
  43  3:47  Drone  
  47  3:48  Drone  
  47  3:50  Drone  
  47  3:52  Drone  
  47  3:54  Drone  
  51  3:58  Overlord  
  51  4:00  Queen  
  53  4:05  Queen  
  53  4:09  Queen  
  55  4:14  Queen  
  59  4:18  Queen  
  59  4:20  Drone  
  59  4:21  Drone  
  59  4:22  Drone  
  59  4:23  Drone  
  65  4:24  Drone  
  65  4:25  Drone  
  65  4:27  Drone  
  65  4:30  Drone x2  
  70  4:32  Overlord  
  70  4:37  Lair  
  70  4:44  Drone, Evolution Chamber x2, Overlord x2  
  69  4:47  Drone  
  69  4:48  Overlord  
  69  4:51  Extractor x2, Drone  
  69  4:58  Drone x7  
  76  5:06  Overlord  
  76  5:13  Zerg Melee Weapons Level 1  
  76  5:14  Zerg Ground Armor Level 1  
  76  5:16  Drone x9  
  76  5:19  Drone x3  
  88  5:26  Queen  
  88  5:35  Zergling x24  
  91  5:47  Drone  
  91  5:48  Drone x9  
  98  5:55  Infestation Pit  
  96  6:04  Queen  
  96  6:11  Drone x11, Spore Crawler  
  107  6:12  Spore Crawler  
  107  6:14  Spore Crawler  
  106  6:21  Spore Crawler  
  106  6:22  Spine Crawler  
  106  6:23  Spore Crawler, Queen  
  106  6:24  Spine Crawler  
  104  6:26  Extractor  
  104  6:28  Extractor  
  102  6:40  Spine Crawler  
  102  6:41  Drone x8, Spine Crawler x2  
  102  6:42  Overlord x3  
  102  6:43  Spine Crawler  
  106  6:53  Hive  
  106  6:56  Metabolic Boost  
  106  6:58  Extractor, Drone  
  106  6:59  Drone x3  
  106  7:00  Extractor  
  106  7:01  Overlord x6  
  108  7:03  Drone x2  
  108  7:06  Extractor  
  109  7:08  Extractor  
  111  7:25  Drone x7  
  112  7:32  Spore Crawler x3  
  112  7:33  Spore Crawler  
  112  7:36  Spore Crawler  
  97  7:37  Spore Crawler x2  
  97  7:40  Spore Crawler  
  97  7:41  Spore Crawler x4  
  97  7:42  Spore Crawler, Spine Crawler  
  97  7:43  Spore Crawler  
  86  7:45  Spore Crawler, Zergling x32  
  86  7:46  Spore Crawler  
  98  7:55  Zerg Ground Armor Level 2, Zerg Melee Weapons Level 2  
  94  8:12  Ultralisk Cavern  
  88  8:15  Zergling x30  
  96  8:23  Drone  
  96  8:24  Drone x8  
  95  8:42  Pneumatized Carapace  
  95  8:50  Spore Crawler  
  95  8:51  Spore Crawler x2, Spine Crawler  
  95  8:52  Spore Crawler  
  90  8:56  Spine Crawler x4  
  86  9:03  Chitinous Plating  
  86  9:08  Drone x4  
  86  9:09  Drone x2  
  92  9:16  Hatchery  
  80  9:37  Ultralisk  
  80  9:38  Ultralisk x3  
  104  9:43  Ultralisk x2  
  116  9:48  Ultralisk  
  122  9:56  Ultralisk  
  128  10:02  Ultralisk  
  132  10:13  Ultralisk  
  136  10:22  Ultralisk  
  142  10:37  Ultralisk  
  142  10:57  Hatchery  
Tags
 
Add a new tag
Caveats
  • Supply blocks, unpowered buildings, or Contaminate may cause inaccurate times.
  • Supply counts are checked every 10 seconds.